 Dungeon Sprint DCSS version 0.27-a0-216-g1fbed8a51c (webtiles) character file.

Game seed: 14369331812514656128

4124 HoaS the Impaler (level 10, 0/89 HPs)
             Began as a Formicid Fighter on Jan 31, 2021.
             Was a High Priest of Makhleb.
             Slain by a 14-headed hydra (6 damage)
             ... in the Dungeon (Sprint IX: "|||||||||||||||||||||||||||||").
             The game lasted 00:07:54 (1259 turns).

HoaS the Impaler (Formicid Fighter)                 Turns: 1259, Time: 00:07:55

Health: 0/89       AC: 26    Str: 25    XL:     10   Next: 51%
Magic:  10/10      EV: 12    Int:  8    God:    Makhleb [*****.]
Gold:   0          SH: 12    Dex: 12    Spells: 9/9 levels left

rFire    . . .     SeeInvis +   k - +3 halberd (protect)
rCold    . . .     Faith    .   c - +0 kite shield
rNeg     . . .     Spirit   .   l - +1 chain mail
rPois    .         Reflect  .   (helmet unavailable)
rElec    .         Harm     .   a - +2 cloak
rCorr    .         Rampage  .   i - +2 pair of gloves
Will     +....                  (no boots)
Stlth    ..........             (no amulet)
HPRegen  0.24/turn              n - +3 ring of strength
MPRegen  0.12/turn              (no ring)

@: protection aura
A: permanent stasis, dig shafts and tunnels, four strong arms, antennae 3
a: Dig, Renounce Religion, Minor Destruction, Lesser Servant of Makhleb, Major
Destruction, Greater Servant of Makhleb


You were in the Dungeon.
You worshipped Makhleb.
Makhleb was extremely pleased with you.
You visited 1 branch

Inventory:

Hand Weapons
 k - a +3 halberd of protection (weapon)
Armour
 a - a +2 cloak (worn)
 c - a +0 kite shield (worn)
 i - a +2 pair of gloves (worn)
 l - a +1 chain mail (worn)
Jewellery
 n - a +3 ring of strength (left hand)
Wands
 j - a wand of iceblast (10)
Scrolls
 h - 3 scrolls of remove curse
 o - 2 scrolls of enchant armour
 p - 2 scrolls of identify
 q - a scroll of fear
Potions
 b - 4 potions of heal wounds
 d - a potion of invisibility
 e - 5 potions of curing
 f - a potion of resistance
 g - a potion of might


   Skills:
 * Level 12.2 Fighting
 - Level 16.0 Polearms
 - Level 9.0 Armour
 + Level 7.2 Dodging
 - Level 9.0 Shields


You had 9 spell levels left.
You didn't know any spells.
Your spell library was empty.

Dungeon Overview and Level Annotations

Branches:
Dungeon (1/1)

Altars:
Cheibriados
Dithmenos
Elyvilon
Fedhas
Gozag
Hepliaklqana
Kikubaaqudgha
Makhleb
Nemelex Xobeh
Okawaru
Qazlal
Ru
Sif Muna
Trog
Uskayaw
Vehumet
Wu Jian
Xom
Yredelemnul
Zin
The Shining One
Beogh
Jiyva
Lugonu


Innate Abilities, Weirdness & Mutations

You cannot be hasted, slowed, berserked, paralysed or teleported.
You can dig through walls and to a lower floor.
Your four strong arms can wield two-handed weapons with a shield.
You have a pair of large antennae on your head. (SInv)


Message History

* * * LOW HITPOINT WARNING * * *
The 13-headed hydra bites you.
* * * LOW HITPOINT WARNING * * *
You barely miss the 13-headed hydra.
The 13-headed hydra is moderately wounded.
The 13-headed hydra misses you.
You block the 13-headed hydra's attack. x2
The 13-headed hydra barely misses you.
The 13-headed hydra bites you but does no damage.
The 13-headed hydra closely misses you. The 13-headed hydra bites you.
* * * LOW HITPOINT WARNING * * *
The 13-headed hydra bites you but does no damage. x3
The 13-headed hydra barely misses you.
The 13-headed hydra bites you but does no damage. x2
You hack one of the 13-headed hydra's heads off!
The 12-headed hydra grows two more!
You carve the 14-headed hydra like a ham!!!
The 14-headed hydra is almost dead.
You block the 14-headed hydra's attack. The 14-headed hydra closely misses you.
The 14-headed hydra bites you.
You die...

▓▓▓▓▓▓▓▓▓▓▓▓▓▓▓▓▓▓▓▓▓▓▓▓▓▓▓▓▓▓▓▓▓
.'!...[.)?.'_YDD@________________
▓▓▓▓▓▓▓▓▓▓▓▓▓▓▓▓▓▓▓▓▓▓▓▓▓▓▓▓▓▓▓▓▓
.................................
▓▓▓▓▓▓▓▓▓▓▓▓▓▓▓▓▓▓▓▓▓▓▓▓▓▓▓▓▓▓▓▓▓


{{{{{{{{ ..{...†S........†. ▓▓▓▓▓▓▓▓▓▓▓▓▓▓▓▓▓▓ { { { {{{{{ {{{{{{{{{{{{ {{{{{{{
You could see a 14-headed hydra, a six-headed hydra and a yak.

Vanquished Creatures
  A two-headed ogre (D)
  A centaur warrior (D)
  A manticore (D)
  A black mamba (D)
  A cane toad (D)
  A komodo dragon (D)
  A troll (D)
  2 yaks (D)
  3 water moccasins (D)
  2 ice beasts (D)
  An eye of draining (D)
  A wolf (D)
  5 bullfrogs (D)
  A killer bee (D)
  A howler monkey (D)
  A hound (D)
  A shadow imp (D)
  A dart slug (D)
  2 bat skeletons (D)
  2 giant cockroaches (D)
  A goblin (D)
  A kobold (D)
  A ball python zombie (D)
33 creatures vanquished.

Notes
Turn   | Place    | Note
-------+----------+-------------------------------------------
     0 | D        | HoaS the Formicid Fighter began the quest for the Orb.
     0 | D        | Reached XP level 1. HP: 18/18 MP: 1/1
     4 | D        | Banished a spatial maelstrom
    13 | D        | Reached skill level 3 in Polearms
    22 | D        | Reached XP level 2. HP: 18/24 MP: 2/2
    99 | D        | Noticed a howler monkey
    99 | D        | Noticed an ice beast
   107 | D        | Killed an ice beast
   108 | D        | Reached skill level 7 in Polearms
   108 | D        | Reached XP level 3. HP: 19/29 MP: 3/3
   108 | D        | Reached XP level 4. HP: 23/35 MP: 4/4
   108 | D        | Reached XP level 5. HP: 27/41 MP: 5/5
   116 | D        | Reached skill level 8 in Polearms
   354 | D        | Found a roughly hewn altar of Beogh.
   354 | D        | Found a snail-covered altar of Cheibriados.
   354 | D        | Found a shadowy altar of Dithmenos.
   354 | D        | Found a white marble altar of Elyvilon.
   354 | D        | Found a blossoming altar of Fedhas.
   354 | D        | Found an opulent altar of Gozag.
   355 | D        | Found a hazy altar of Hepliaklqana.
   356 | D        | Found a viscous altar of Jiyva.
   357 | D        | Found an ancient bone altar of Kikubaaqudgha.
   358 | D        | Found a corrupted altar of Lugonu.
   359 | D        | Found a burning altar of Makhleb.
   360 | D        | Found a sparkling altar of Nemelex Xobeh.
   361 | D        | Found an iron altar of Okawaru.
   362 | D        | Found a stormy altar of Qazlal.
   363 | D        | Found a sacrificial altar of Ru.
   364 | D        | Found a shimmering blue altar of Sif Muna.
   365 | D        | Found a bloodstained altar of Trog.
   366 | D        | Found a hide-covered altar of Uskayaw.
   367 | D        | Became a worshipper of Makhleb the Destroyer
   368 | D        | Found a radiant altar of Vehumet.
   369 | D        | Found an ornate altar of the Wu Jian Council.
   370 | D        | Found a shimmering altar of Xom.
   371 | D        | Found a basalt altar of Yredelemnul.
   372 | D        | Found a glowing silver altar of Zin.
   373 | D        | Found a glowing golden altar of the Shining One.
   422 | D        | Noticed an ice beast
   422 | D        | Noticed a bullfrog
   422 | D        | Noticed an eye of draining
   424 | D        | Reached skill level 9 in Polearms
   466 | D        | Killed an eye of draining
   466 | D        | Reached * piety under Makhleb
   467 | D        | Reached skill level 10 in Polearms
   467 | D        | Reached XP level 6. HP: 47/47 MP: 1/6
   477 | D        | Reached skill level 11 in Polearms
   481 | D        | Reached XP level 7. HP: 52/52 MP: 2/7
   488 | D        | Reached ** piety under Makhleb
   489 | D        | Reached skill level 12 in Polearms
   658 | D        | Noticed a komodo dragon
   658 | D        | Noticed a centaur warrior
   658 | D        | Noticed a water moccasin
   658 | D        | Noticed a manticore
   658 | D        | Noticed a troll
   658 | D        | Noticed a two-headed ogre
   675 | D        | Killed a two-headed ogre
   676 | D        | Reached skill level 14 in Polearms
   676 | D        | Reached XP level 8. HP: 52/65 MP: 8/8
   684 | D        | Killed a troll
   694 | D        | Killed a manticore
   695 | D        | Reached skill level 15 in Polearms
   695 | D        | Reached XP level 9. HP: 45/71 MP: 9/9
   698 | D        | Reached *** piety under Makhleb
   699 | D        | Reached skill level 16 in Polearms
   705 | D        | Killed a centaur warrior
   711 | D        | Killed a komodo dragon
   712 | D        | Reached skill level 5 in Dodging
  1060 | D        | Noticed a cane toad
  1060 | D        | Noticed a black mamba
  1070 | D        | Killed a black mamba
  1071 | D        | Reached skill level 10 in Fighting
  1071 | D        | Reached XP level 10. HP: 78/85 MP: 10/10
  1073 | D        | Reached **** piety under Makhleb
  1080 | D        | Killed a cane toad
  1092 | D        | Reached ***** piety under Makhleb
  1111 | D        | Noticed a six-headed hydra
  1112 | D        | Noticed a six-headed hydra
  1259 | D        | Slain by a 14-headed hydra

Illustrated notes

Levels and vault maps discovered:
D:        linesprint [early_d, line_temple, items_1, d_10, items_2, lair_1,
          lair_end, items_3, orc_1, orc_end, items_4, d_15, swamp_1, shoals_1,
          snake_1, spider_1, d_20, vaults_1, items_5, swamp_end, shoals_end,
          snake_end, spider_end, vaults_end, d_27, items_6, zot_1, zot_end,
          crypt_end, forest_end, elf_end, slime_end, tomb_end, abyss_end,
          pan_hell_end]

Skill      XL: |  1  2  3  4  5  6  7  8  9 10 |
---------------+-------------------------------+-----
Polearms       | 3 7 10 11 14 15 16 | 16.0
Shields        | 4 7 9 |  9.0
Fighting       | 6 10 12 | 12.2
Armour         | 6 8 9 |  9.0
Dodging        | 3 5 7 |  7.2

Action                   |  1- 3 |  4- 6 |  7- 9 | 10-12 || total
-------------------------+-------+-------+-------+-------++-------
Melee: Trident           |    24 |    10 |       |       ||    34
       Halberd           |       |    26 |    67 |    46 ||   139
 Abil: Dig               |     1 |       |       |       ||     1
  Use: Potion            |     1 |       |     3 |       ||     4
       Scroll            |       |       |     5 |       ||     5
Armor: Scale mail        |     6 |     2 |       |       ||     8
       Chain mail        |       |     7 |    28 |    39 ||    74
Dodge: Dodged            |     7 |     6 |    19 |    20 ||    52
Block: Kite shield       |    12 |    17 |    26 |    26 ||    81

Table legend: (Time is in decaauts)
 A = Elapsed time spent in this place.
 B = Non-inter-level travel time spent in this place.
 C = Inter-level travel time spent in this place.
 D = Time resting spent in this place.
 E = Time spent auto-exploring this place.
 F = Levels seen in this place.
 G = Mean time per level.
                   A        B        C        D        E       F      G
               +--------+--------+--------+--------+--------+-----+--------+
         Total |   1235 |   1235 |      0 |    673 |     13 |   1 | 1235.0 |
       Dungeon |   1235 |   1235 |      0 |    673 |     13 |   1 | 1235.0 |
               +--------+--------+--------+--------+--------+-----+--------+

Top non-repeatable levels by time:
       D: 1235 daAuts
